 Dungeon Crawl Stone Soup version 0.31-a0-968-g24f9ace8b5 (webtiles) character file.

Game seed: 15209450931348950731

87 pokeman the Magician (level 4, -3/25 HPs)
             Began as a Deep Elf Hedge Wizard on Oct 28, 2023.
             Killed from afar by Sigmund (7 damage)
             ... with a magic dart
             ... on level 3 of the Dungeon.
             The game lasted 00:05:19 (2266 turns).

pokeman the Magician (Deep Elf Hedge Wizard)        Turns: 2266, Time: 00:05:19

Health: -3/25      AC:  4    Str:  7    XL:     4   Next: 28%
Magic:  0/13       EV: 12    Int: 21    God:
Gold:   95         SH:  5    Dex: 14    Spells: 6/14 levels left

rFire   . . .        p - +4 quarterstaff (chaos)
rCold   . . .        (shield currently unavailable)
rNeg    . . .        b - +0 robe
rPois   .            g - +0 helmet
rElec   .            q - +0 cloak
rCorr   .            (no gloves)
SInv    .            (no boots)
Will    .....        k - amulet of reflection
Stlth   ++           (no ring)
HPRegen 0.24/turn    (no ring)
MPRegen 0.13/turn

%: reflection
@: very slightly contaminated
A: no striking features
a: no special abilities


You were on level 3 of the Dungeon.
You visited 1 branch of the dungeon, and saw 3 of its levels.

You collected 95 gold pieces.

Inventory:

Hand Weapons
 p - a +4 quarterstaff of chaos (weapon)
Missiles
 e - 6 atropa-tipped darts
Armour
 b - a +0 robe (worn)
 g - a +0 helmet (worn)
 q - a +0 cloak (worn)
Jewellery
 a - an amulet of faith
 k - an amulet of reflection (around neck)
Scrolls
 c - a scroll of fear {unknown}
 f - 2 scrolls of identify {unknown}
 l - a scroll of torment {unknown}
 o - a scroll of teleportation {unknown}
Potions
 d - a potion of magic
 h - a potion of degeneration {unknown}
 i - a potion of heal wounds {unknown}
 j - a potion of brilliance {unknown}
 m - a potion of enlightenment {unknown}
 n - 3 potions of curing {unknown}


   Skills:
 - Level 1.0 Fighting
 - Level 1.0 Armour
 + Level 2.7 Dodging
 + Level 2.7 Stealth
 * Level 5.6 Spellcasting
 + Level 2.2 Conjurations
 - Level 1.1 Summonings
 - Level 1.1 Translocations


You had 6 spell levels left.
You knew the following spells:

 Your Spells              Type           Power      Damage    Failure   Level
a - Magic Dart            Conj           60%        1d6       4%          1
b - Mephitic Cloud        Conj/Pois/Air  9%         N/A       22%         3
c - Call Imp              Summ           20%        N/A       10%         2
d - Blink                 Tloc           20%        N/A       10%         2

Your spell library contained the following spells:

 Spells                   Type           Power      Damage    Failure   Level
 Slow                     Hex            20%        N/A       11%         1
 Cigotuvi's Dreadful Rot  Necr/Pois/Air  10%        N/A       16%         2


Dungeon Overview and Level Annotations

Branches:
Dungeon (3/15)

Altars:

Annotations:
D:3 Sigmund


Message History

You are very lightly contaminated with residual magic.
You feel incredibly sick.
You are poisoned.
You feel sick.
Sigmund breathes a few words.
Sigmund's hands start flickering wildly.
Sigmund hits you from afar with a +0 scythe.
Unknown command.
Casting: Mephitic Cloud (extremely dangerous; 22% risk of failure)
Confirm with . or Enter, or press ? or * to list all spells.
Aiming: Mephitic Cloud (extremely dangerous; 22% risk of failure)
Press: ? - help, Shift-Dir - straight line, f/p - Sigmund
Aim: Sigmund, wielding a +0 scythe and wearing a +0 robe (heavily wounded, chance to affect: 86%)
The ball explodes into a vile cloud!
The stinking cloud engulfs Sigmund but does no damage.
Sigmund is heavily wounded.
You feel sick.
You hear a shout!
You hear an angry hiss. x2
Unknown command.
Casting: Mephitic Cloud (extremely dangerous; 22% risk of failure)
Confirm with . or Enter, or press ? or * to list all spells.
You don't have enough magic to cast this spell.
Sigmund is nearby!
Unknown command.
You feel sick.
Sigmund is engulfed in noxious fumes.
Sigmund casts a spell at you. The magic dart hits you!
* * * LOW HITPOINT WARNING * * *
Casting: Mephitic Cloud (extremely dangerous; 22% risk of failure)
Confirm with . or Enter, or press ? or * to list all spells.
Aiming: Mephitic Cloud (extremely dangerous; 22% risk of failure)
Press: ? - help, Shift-Dir - straight line, f/p - Sigmund
Aim: Sigmund, wielding a +0 scythe and wearing a +0 robe (heavily wounded, chance to affect: 86%)
You miscast Mephitic Cloud.
Nothing appears to happen.
You feel sick.
You are no longer poisoned.
Unknown command.
Sigmund casts a spell at you. The magic dart hits you!
You die...
Sigmund begins carving another notch in his scythe.

# #.# # #.##########
####..........#
..............#
####..........# #
#..........#
####..........#
...#..........#####
...#.####.......@.####
...#.# #########..@.#
...#.# ####...# ...#.#
##..... ...#.#########
##.. ...#.##......# .
..†#.##......#
...#.##..(...#
.#.#.##......#


You could see Sigmund.

Vanquished Creatures
  Crazy Yiuf (D:2)
  A dart slug (D:2)
  5 ball pythons
  3 endoplasms
  2 giant cockroaches (D:1)
  3 goblins (D:1)
  4 hobgoblins
  9 jackals
  3 kobolds (D:1)
  5 quokkas
  5 bats
  4 frilled lizards
  3 rats
48 creatures vanquished.

Notes
Turn   | Place    | Note
-------+----------+-------------------------------------------
     0 | D:1      | pokeman the Deep Elf Hedge Wizard began the quest for the
                  | Orb.
     0 | D:1      | Reached XP level 1. HP: 10/10 MP: 7/7
   126 | D:1      | Reached XP level 2. HP: 16/16 MP: 5/9
   160 | D:1      | Found a faded altar of an unknown god.
   534 | D:1      | Reached skill level 5 in Spellcasting
   848 | D:1      | Reached XP level 3. HP: 18/20 MP: 7/11
   852 | D:1      | Learned a level 3 spell: Mephitic Cloud
   855 | D:1      | Learned a level 2 spell: Call Imp
   858 | D:1      | Learned a level 2 spell: Blink
  1472 | D:2      | Reached skill level 1 in Armour
  1544 | D:2      | Reached skill level 1 in Fighting
  1916 | D:2      | Found a runed translucent door.
  1917 | D:2      | Noticed Crazy Yiuf
  1928 | D:2      | HP: 1/20 [Crazy Yiuf/+4 quarterstaff of chaos (14)]
  1928 | D:2      | Killed Crazy Yiuf
  1929 | D:2      | Reached XP level 4. HP: 2/25 MP: 4/13
  2255 | D:3      | Noticed Sigmund
  2266 | D:3      | Killed from afar by Sigmund

Illustrated notes

Levels and vault maps discovered:
D:1:      ldierk_walled_garden, layout_rooms,
          shapermc_ecumenical_altar_starsandcircs
D:2:      layout_basic, minmay_misc_feat_pillars, feat_on_display,
          uniq_crazy_yiuf_cottage
D:3:      layout_basic, uniq_jessica, uniq_sigmund

Skill      XL: |  1  2  3 |
---------------+----------+-----
Spellcasting   | 5 |  5.6
Armour         | 1 |  1.0
Fighting       | 1 |  1.0
Conjurations   | 2 |  2.2
Dodging        | |  2.7
Stealth        | |  2.7
Summonings     | |  1.1
Translocations | |  1.1

Action                     |  1- 3 |  4- 6 || total
---------------------------+-------+-------++-------
  Melee: Dagger            |    21 |       ||    21
         War axe           |    15 |       ||    15
         Quarterstaff      |       |     1 ||     1
  Throw: Dart              |     4 |       ||     4
   Cast: Magic Dart        |   101 |    16 ||   117
         Mephitic Cloud    |     1 |     1 ||     2
   Stab: Invisible         |     1 |       ||     1
         Sleeping          |     1 |     1 ||     2
 Armour: Robe              |    35 |     3 ||    38
  Dodge: Dodged            |    43 |       ||    43
  Block: Other             |     2 |       ||     2

Table legend: (Time is in decaauts)
 A = Elapsed time spent in this place.
 B = Non-inter-level travel time spent in this place.
 C = Inter-level travel time spent in this place.
 D = Time resting spent in this place.
 E = Time spent auto-exploring this place.
 F = Levels seen in this place.
 G = Mean time per level.
                   A        B        C        D        E       F      G
               +--------+--------+--------+--------+--------+-----+--------+
         Total |   2273 |   2240 |     33 |      2 |   1893 |   3 |  757.7 |
       Dungeon |   2273 |   2240 |     33 |      2 |   1893 |   3 |  757.7 |
               +--------+--------+--------+--------+--------+-----+--------+

Top non-repeatable levels by time:
     D:2: 1131 daAuts
     D:1: 925 daAuts
     D:3: 216 daAuts
